Map: King's Cove LE

Players

fAkeSpeeD - Winner!

  • Race: Terran Terran
  • League: Master
  • Spawn Location: 5:00

Mez

  • Race: Terran Terran
  • League: Master
  • Spawn Location: 11:00

VOD

Have the link to the VOD?

Description

Time

  • Played on: Aug. 11, 2019, 7:03 p.m.
  • Length: 6:24
Show
View Real Time Build Order
Export as new Build Order

fAkeSpeeD Terran - Winner!

Build Orders:  

Get SALT Encoding   

  12  0:02  SCV  
  13  0:14  SCV  
  13  0:19  Supply Depot  
  14  0:27  SCV  
  15  0:31  Refinery  
  15  0:41  SCV  
  16  0:46  Barracks  
  16  0:53  SCV  
  17  1:05  SCV  
  18  1:17  SCV  
  19  1:20  Refinery  
  19  1:32  Orbital Command  
  19  1:36  Factory  
  19  1:50  Reaper  
  20  1:58  SCV  
  21  2:02  Supply Depot  
  21  2:10  SCV  
  21  2:21  Hellion  
  23  2:24  Reaper  
  23  2:28  SCV  
  25  2:37  Command Center  
  25  2:40  SCV  
  26  2:44  Factory Tech Lab  
  26  2:53  SCV  
  26  2:57  Starport  
  27  3:05  SCV  
  28  3:06  Cyclone  
  28  3:10  Barracks Reactor  
  31  3:23  Supply Depot  
  31  3:33  Starport Tech Lab  
  31  3:44  Siege Tank, SCV  
  35  3:54  Orbital Command  
  35  3:56  SCV  
  35  3:57  Refinery  
  35  4:00  Raven  
  38  4:08  SCV  
  37  4:20  SCV  
  38  4:24  SCV  
  38  4:28  Command Center  
  39  4:37  Siege Tank, Marine  
  39  4:38  Marine  
  43  4:44  Refinery  
  43  4:49  SCV  
  43  4:50  SCV  
  44  4:55  Marine  
  44  4:56  Raven  
  47  5:01  SCV  
  47  5:02  SCV  
  49  5:11  Supply Depot  
  49  5:13  SCV  
  50  5:15  Siege Tank  
  50  5:16  Marine  
  54  5:27  Supply Depot  
  54  5:32  Marine  
  54  5:33  SCV x2, Marine  
  54  5:34  Supply Depot  
  58  5:40  Raven  
  60  5:44  SCV  
  61  5:50  Siege Tank, Marine  
  61  5:51  SCV, Marine  
  61  5:55  SCV  
  61  5:57  Orbital Command  
  68  6:01  Engineering Bay  
  68  6:03  Engineering Bay  
Show
View Real Time Build Order
Export as new Build Order

Mez Terran 

Build Orders: Gas First Reaper Expand 

Get SALT Encoding   

  12  0:01  SCV  
  13  0:13  SCV  
  14  0:18  Supply Depot  
  14  0:25  Refinery  
  14  0:29  SCV  
  15  0:41  SCV  
  16  0:47  Barracks  
  16  0:53  SCV  
  17  1:05  SCV  
  18  1:17  SCV  
  19  1:35  Reaper, Orbital Command  
  20  1:52  Command Center  
  20  2:05  Factory  
  20  2:09  Barracks Reactor  
  20  2:16  SCV  
  20  2:20  Supply Depot  
  21  2:31  SCV  
  21  2:32  Refinery  
  22  2:43  SCV  
  23  2:47  Marine x2  
  23  2:49  Factory Tech Lab  
  25  2:55  SCV  
  26  3:04  Marine x2, Orbital Command  
  28  3:09  Cyclone  
  31  3:13  SCV  
  32  3:20  Starport  
  32  3:22  Marine x2  
  32  3:25  SCV  
  35  3:32  SCV  
  36  3:41  Cyclone, Marine x2  
  39  3:47  SCV  
  42  3:49  SCV  
  42  3:50  Refinery  
  43  4:00  SCV, Marine x2  
  43  4:01  SCV, Starport Tech Lab  
  46  4:09  Supply Depot  
  43  4:23  Siege Tank  
  45  4:30  Marine x2  
  43  4:39  Raven  
  43  4:40  SCV  
  43  4:41  SCV  
  47  4:51  Marine x2  
  48  4:53  SCV x2  
  48  4:55  Siege Tank  
  53  5:04  Supply Depot  
  53  5:05  SCV x2  
  55  5:12  Marine  
  55  5:13  Marine  
  57  5:17  SCV x2  
  59  5:21  Raven  
  59  5:28  Supply Depot  
  61  5:29  SCV x2  
  61  5:32  Marine  
  61  5:33  Marine  
  65  5:37  Siege Tank  
  65  5:56  SCV  
  65  5:57  SCV  
Tags
 
Add a new tag
Caveats
  • Supply blocks, unpowered buildings, or Contaminate may cause inaccurate times.
  • Supply counts are checked every 10 seconds.